Nobbs, chaotic male elven Wizard -------- ----------- ------------- |......| -----------#######..^.....<.| |............ |......| |.........|# |.........| |...........| #|......| |.........|# ..........| |.....>......################|......| |........[.## --------|-- |...........| #.......| |.........|# # |.........@q. ##---.---- -----+-----# # |...........| # ########## ## ------------- # ### --.-- # # |...| ### ### # |...| # # --|-- ### |._.| ---.- |...| # |...| |...+ |...-################## |...| |...| #....| ----- |....#######----- -+--- Nobbs the Thaumaturge Experience level: 8 Strength: 17 Dexterity: 13 Constitution: 16 Intelligence: 20 Wisdom: 12 Charisma: 10 Health: 0(43) Energy: 83(83) Def: 6 Gold: 571 Moves: 12996 Dungeon seed: QFxTpUjeAobyvohz Game ID: Nobbs_1510476897 Your Inventory: Coins $ - 571 gold pieces Wands b - a wand of slow monster (0:5) l - a wand of striking (0:7) n - a wand of striking (0:5) B - a wand of slow monster (0:6) C - a wand of striking (0:7) J - a wand of speed monster (0:4) K - a wand of make invisible (0:3) M - a wand of fire (0:3) N - a wand of undead turning (0:3) U - a wand of magic missile (0:6) Y - a wand of striking (0:4) Amulets D - an uncursed amulet of reflection (being worn) Weapons m - a blessed +1 quarterstaff (weapon in hands) Armor e - an uncursed +0 cloak of magic resistance (being worn) f - an uncursed +0 pair of jumping boots q - a blessed +0 pair of kicking boots O - a cursed -1 pair of water walking boots R - an uncursed +3 pair of low boots (being worn) T - an uncursed +0 pair of leather gloves (being worn) Comestibles o - 3 uncursed food rations t - 6 uncursed lichen corpses w - an uncursed fortune cookie x - an uncursed pancake F - an uncursed tripe ration G - an uncursed slime mold S - an uncursed cream pie V - an uncursed tin of gecko meat W - an uncursed lembas wafer Scrolls H - an uncursed scroll of light Rings c - an uncursed ring of searching (on left hand) d - an uncursed ring of shock resistance (on right hand) s - a cursed ring of fire resistance v - an uncursed ring of fire resistance z - an uncursed ring of free action P - a cursed ring of searching X - an uncursed -1 ring of adornment Z - an uncursed ring of protection from shape changers Tools a - an uncursed magic whistle j - a +0 unicorn horn r - an uncursed lock pick A - an uncursed brass lantern (0:63) E - an uncursed skeleton key I - a +0 unicorn horn Q - an uncursed bag of holding Contents of the bag of holding: 3519 gold pieces a blessed scroll of blank paper a blessed scroll of charging an uncursed scroll of charging a blessed scroll of confuse monster a blessed scroll of create monster an uncursed scroll of create monster 2 uncursed scrolls of destroy armor 2 uncursed scrolls of earth a cursed scroll of earth an uncursed scroll of enchant armor 2 blessed scrolls of enchant weapon 2 uncursed scrolls of enchant weapon an uncursed scroll of fire an uncursed scroll of food detection an uncursed scroll of genocide an uncursed scroll of gold detection 5 uncursed scrolls of identify 2 uncursed scrolls of light an uncursed scroll of scare monster 2 blessed scrolls of teleportation an uncursed scroll of teleportation a cursed scroll of teleportation an uncursed spellbook of extra healing an uncursed spellbook of finger of death a blessed spellbook of force bolt an uncursed spellbook of levitation an uncursed spellbook of magic missile an uncursed spellbook of restore ability an uncursed spellbook of slow monster an uncursed potion of acid an uncursed potion of booze an uncursed potion of extra healing a blessed potion of full healing an uncursed potion of full healing a cursed potion of gain ability a cursed potion of gain energy an uncursed potion of gain level an uncursed potion of hallucination an uncursed potion of invisibility 2 uncursed potions of levitation a blessed potion of object detection 2 uncursed potions of object detection an uncursed potion of polymorph an uncursed potion of restore ability a blessed potion of see invisible a blessed potion of speed an uncursed potion of speed Spells and supernatural/magical abilities: Name Level Category Fail Memory a - force bolt 1 attack 0% 36% m - magic missile 2 attack 0% 36% s - slow monster 2 enchantment 0% 97% x - extra healing 3 healing 63% 72% W - pray for help -- divine ? -- Your skills at the end: Fighting Skills Weapon Skills quarterstaff [Basic] Spellcasting Skills attack spells [Basic] enchantment spells [Basic] Final Attributes: You were piously aligned. You were sleep resistant. You were shock resistant. You were magic-protected. You were telepathic. You had automatic searching. You had infravision. You were fast. You had reflection. You are dead. Vanquished creatures: 2 giant mimics 3 rock trolls a flesh golem a small mimic a troll a freezing sphere a large cat an ochre jelly an energy vortex a mountain centaur a pit viper a leather golem 2 giant beetles 2 cockatrices 4 wolves 2 winter wolf cubs 3 leprechauns an iron piercer a mumak 2 giant spiders a scorpion a black light a vampire bat 2 forest centaurs a gnome king 2 dwarf mummies 2 owlbears a yeti 3 werewolves a lizard a chickatrice a housecat a jaguar 2 white unicorns a dust vortex a raven 4 plains centaurs a gnome mummy 2 snakes an ape a human zombie 6 bugbears an imp 4 wood nymphs 2 water nymphs a mountain nymph 9 Mordor orcs 4 Uruk-hai an orc shaman 3 rock piercers 3 rock moles a fog cloud 2 yellow lights a shrieker a violet fungus 8 gnome lords 6 gnomish wizards a black naga hatchling a golden naga hatchling 2 gray oozes a barrow wight 2 elf zombies a ghoul a straw golem a paper golem 3 giant ants 2 floating eyes 10 dwarves 2 homunculi a kobold lord a kobold shaman a hill orc 6 rothes 2 rabid rats a centipede 2 giant bats a monkey 2 dwarf zombies 2 wererats 2 werejackals 4 iguanas 2 killer bees 4 acid blobs 2 coyotes 2 gas spores 6 hobbits 5 manes 2 large kobolds 5 hobgoblins 7 giant rats 4 cave spiders a brown mold a yellow mold a green mold 3 red molds 30 gnomes 16 garter snakes 8 geckos 8 jackals 3 foxes 7 kobolds 12 goblins 7 sewer rats 17 grid bugs 5 bats 13 lichens 4 kobold zombies 7 newts 350 creatures vanquished. Voluntary challenges: You had followed a strict vegan diet until turn 1820. You had followed a strict vegetarian diet until turn 1820. You had been an atheist until turn 2277. You used a wielded weapon 106 times, starting on turn 60. You read items or engraved 239 times, starting on turn 6. You never genocided any monsters. You never polymorphed an object. You never changed form. You used no wishes. You never split a pudding. You wrote Elbereth's name 203 times, starting on turn 1417. You violated your moral code, losing 26 points of alignment, starting on turn 1511. Dungeon overview: The Dungeons of Doom: levels 1 to 13 Level 1 a fountain a long staircase Level 2 some fountains Level 3 Level 4 a general store, a fountain, a sink stairs to The Gnomish Mines Level 5 many fountains Level 6 some sinks stairs to Sokoban Level 7 Level 8 some fountains, a sink Level 9 some sinks Level 10 an armor shop, some fountains Level 11 many fountains Level 12 a fountain Level 13 <- You were here a temple to Thoth The Gnomish Mines: levels 5 to 8 Level 5 stairs to The Dungeons of Doom Level 6 Level 7 some shops, a temple to Ptah, some fountains Level 8 Sokoban: levels 2 to 5 Level 2 Level 3 Level 4 Level 5 stairs to The Dungeons of Doom History has recorded: On T:1 you entered the Dungeons of Doom to retrieve the Amulet of Yendor! On T:95 you reached level 2 of The Dungeons of Doom. On T:596 you advanced to experience level 2. On T:731 you reached level 3 of The Dungeons of Doom. On T:810 you advanced to experience level 3. On T:912 you reached level 4 of The Dungeons of Doom. On T:1374 you reached level 5 of The Dungeons of Doom. On T:1548 you reached level 6 of The Dungeons of Doom. On T:1766 you reached level 1 of The Gnomish Mines. On T:1768 you advanced to experience level 4. On T:1952 you advanced to experience level 5. On T:2045 you reached level 2 of The Gnomish Mines. On T:2151 you reached level 3 of The Gnomish Mines. On T:3007 you reached level 7 of The Dungeons of Doom. On T:3366 you advanced to experience level 6. On T:3434 you reached level 4 of Sokoban. On T:3950 you reached level 3 of Sokoban. On T:5090 you reached level 2 of Sokoban. On T:5722 you reached level 1 of Sokoban. On T:7276 you advanced to experience level 7. On T:7724 you reached level 8 of The Dungeons of Doom. On T:9248 you reached level 4 of The Gnomish Mines. On T:10649 you reached level 9 of The Dungeons of Doom. On T:10731 you advanced to experience level 8. On T:11361 you reached level 10 of The Dungeons of Doom. On T:11867 you reached level 11 of The Dungeons of Doom. On T:12219 you reached level 12 of The Dungeons of Doom. On T:12686 you reached level 13 of The Dungeons of Doom. Score breakdown: Gold: 4090 (12286 points) Experience: 8 levels (14739 points) Exploration: 13 levels ( 26.00%) (14846 points) Discoveries: 23 items ( 8.30%) ( 8644 points) Valuables value: (no points given unless you survive) Artifact value: 0 ( 0 points) Variety of kills: 108 monsters ( 28.35%) (15972 points) Turncount: 12996 turns (-2765 points) Survival: died (score multiplied by 80%) Total score: 50977 Latest messages: The air around you crackles with electricity. You seem unhurt. You hit the energy vortex! You feel a mild tingle. You destroy the energy vortex! The dust vortex bumps right into you! The dust vortex just misses! You produce a strange whistling sound. The dust vortex engulfs you! You can't see in here! You hear some noises. Fiffy casts a spell at the dust vortex! You can see again. You displace your iron golem. The leocrotta hits! The leocrotta bites! The leocrotta hits! (2x) The leocrotta bites! The leocrotta hits! You die... Final status: Goodbye Nobbs the Wizard, killed by a leocrotta... You died in The Dungeons of Doom on dungeon level 13 with 50977 points, and 4090 pieces of gold, after 12996 moves. You were level 8 with a maximum of 43 hit points when you died.